 Dungeon Crawl Stone Soup version 0.30-a0-422-g946f4849ff (webtiles) character file.

Game seed: 15308094780396266307

15508 pokeman the Eclecticist (level 12, -14/66 HPs)
             Began as a Deep Elf Hedge Wizard on Dec 8, 2022.
             Was a Priest of Vehumet.
             Killed from afar by a deep elf pyromancer (41 damage)
             ... with a bolt of fire
             ... on level 12 of the Dungeon.
             The game lasted 00:36:38 (14509 turns).

pokeman the Eclecticist (Deep Elf Hedge Wizard)    Turns: 14509, Time: 00:36:41

Health: -14/66     AC: 12    Str:  7    XL:     12   Next: 1%
Magic:  29/35      EV: 13    Int: 31    God:    Vehumet [***...]
Gold:   1379       SH:  0    Dex: 14    Spells: 24/46 levels left

rFire   . . .      SeeInvis +    c - +2 trident (venom)
rCold   . . .      Faith    .    (no shield)
rNeg    . . .      Spirit   .    G - +0 steam dragon scales
rPois   .          Reflect  .    o - +2 helmet {SInv}
rElec   .          Harm     .    L - +1 cloak
rCorr   .          Rampage  .    K - +0 pair of gloves
Will    +....                    (no boots)
Stlth   ++........               (no amulet)
HPRegen 0.31/turn                k - +6 ring of intelligence
MPRegen 0.24/turn                B - ring of wizardry

@: no status effects
A: no striking features
a: Renounce Religion


You were on level 12 of the Dungeon.
You worshipped Vehumet.
Vehumet was most pleased with you.
You visited 2 branches of the dungeon, and saw 14 of its levels.

You collected 1403 gold pieces.
You spent 24 gold pieces at shops.

Inventory:

Hand Weapons
 c - a +2 trident of venom (weapon)
Missiles
 f - 2 curare-tipped darts
 H - a throwing net
Armour
 o - a +2 helmet of see invisible (worn)
 G - +0 steam dragon scales (worn)
 K - a +0 pair of gloves (worn)
 L - a +1 cloak (worn)
Magical Staves
 W - a staff of fire
Jewellery
 k - a +6 ring of intelligence (left hand)
 B - a ring of wizardry (right hand)
 E - a ring of resist corrosion
 J - a ring of ice
Wands
 p - a wand of digging (4)
Scrolls
 n - 8 scrolls of teleportation
 T - 2 scrolls of magic mapping
Potions
 a - a potion of berserk rage {unknown}
 b - a potion of degeneration {unknown}
 d - 2 potions of magic
 e - 5 potions of curing {unknown}
 g - 3 potions of mutation {unknown}
 h - a potion of brilliance {unknown}
 i - 7 potions of heal wounds
 s - 2 potions of flight {unknown}
 t - 4 potions of might {unknown}
 C - 2 potions of lignification {unknown}
 D - a potion of resistance {unknown}
 X - a potion of haste {unknown}
Miscellaneous
 l - a lightning rod (4/4)
 U - a box of beasts (inert)


   Skills:
 - Level 4.0 Fighting
 - Level 4.0 Armour
 - Level 3.0 Dodging
 - Level 3.0 Stealth
 + Level 5.0 Shields
 * Level 17.8 Spellcasting
 + Level 10.6 Conjurations
 - Level 1.1 Summonings
 - Level 1.1 Translocations
 + Level 2.8 Fire Magic
 - Level 1.2 Air Magic
 - Level 1.0 Earth Magic
 - Level 1.2 Poison Magic
 - Level 1.2 Evocations


You had 24 spell levels left.
You knew the following spells:

 Your Spells              Type           Power      Damage    Failure   Level
a - Magic Dart            Conj           100%       1d8       0%          1
b - Mephitic Cloud        Conj/Pois/Air  53%        N/A       1%          3
c - Call Imp              Summ           34%        N/A       1%          2
d - Blink                 Tloc           68%        N/A       1%          2
e - Stone Arrow           Conj/Erth      100%       3d13      1%          3
f - Swiftness             Air            35%        N/A       1%          3
g - Airstrike             Air            17%        2d(3-19)  1%          4
h - Flame Wave            Conj/Fire      62%        2d14      1%          4

Your spell library contained the following spells:

 Spells                   Type           Power      Damage    Failure   Level
 Necrotise                Necr           100%       1d9       1%          1
 Sandblast                Erth           66%        2d15      1%          1
 Shock                    Conj/Air       100%       1d9       1%          1
 Slow                     Hex            100%       N/A       1%          1
 Cigotuvi's Dreadful Rot  Necr/Pois/Air  64%        N/A       1%          2
 Momentum Strike          Conj/Tloc      100%       3d10      1%          2
 Passwall                 Tmut/Erth      25%        N/A       1%          2
 Searing Ray              Conj           100%       2d8       1%          2
 Lesser Beckoning         Tloc           68%        N/A       1%          3
 Vampiric Draining        Necr           27%        2d7       1%          3
 Fulminant Prism          Conj/Hex       28%        3d14      1%          4
 Agony                    Necr           27%        N/A       16%         5


Dungeon Overview and Level Annotations

Branches:
Dungeon (13/15)            Temple (1/1) D:6            Lair (0/5) D:9
    Orc (0/2) D:10
 Vaults: D:13-14

Altars:
Dithmenos
Fedhas
Gozag
Hepliaklqana
Kikubaaqudgha
Makhleb
Nemelex Xobeh
Qazlal
Ru
Sif Muna
Trog
Uskayaw
Vehumet
Wu Jian
Xom
Yredelemnul

Shops:
D:8 ***

Portals:
Trove: D:12 (give 3 potions of resistance)


Message History

Confirm with . or Enter, or press ? or * to list all spells.
Aiming: Stone Arrow (safe; 1% risk of failure)
Press: ? - help, Shift-Dir - straight line, f/p - slime creature
Aim: a slime creature (heavily wounded, 95% to hit)
The stone arrow hits the slime creature!
The slime creature is severely wounded.
Unknown command.
Casting: Stone Arrow (safe; 1% risk of failure)
Confirm with . or Enter, or press ? or * to list all spells.
Aiming: Stone Arrow (safe; 1% risk of failure)
Press: ? - help, Shift-Dir - straight line, f/p - slime creature
Aim: a slime creature (severely wounded, 95% to hit)
The stone arrow hits the slime creature!!
The slime creature is almost dead.
The slime creature hits you.
Unknown command.
Casting: Stone Arrow (safe; 1% risk of failure)
Confirm with . or Enter, or press ? or * to list all spells.
Aiming: Stone Arrow (safe; 1% risk of failure)
Press: ? - help, Shift-Dir - straight line, f/p - slime creature
Aim: a slime creature (almost dead, 95% to hit)
The stone arrow hits the slime creature.
You kill the slime creature!
Vehumet accepts your kill.
You feel your power returning.
The slime creature quivers.
Two slime creatures merge to form a large slime creature.
Two slime creatures merge to form a very large slime creature.
The very large slime creature attacks as you move away!
The very large slime creature barely misses you.
The very large slime creature attacks as you move away!
The very large slime creature hits you.
A deep elf pyromancer comes into view.
It is wielding a +0 dagger and carrying a wand of iceblast (5).
The very large slime creature attacks as you move away!
The very large slime creature hits you!!!
Ouch! That really hurt!
The deep elf pyromancer gestures at you while chanting.
The bolt of fire hits you!!!
Ouch! That really hurt!
You die...

#.......#....$# ......#...
#.#####.#.....# .....#....#.#...
#.......#.....# .....#....#.#...
#.......#.J ..e..#....#.#...
#.......#'###### ... ...# #...
#.........J....##'#####......####
#...###..........................
#...###..........................
#............J.J@#..............#
#^..............................#
#.............[..................
#################################


You could see a very large slime creature, 2 slime creatures and a deep elf
pyromancer.

Vanquished Creatures
  3 two-headed ogres
  An oklob plant (D:8)
  A manticore (D:12)
  2 ugly things (D:11)
  Joseph (D:7)
  Maggie (D:7)
  3 kobold demonologists
  2 trolls
  A slime creature (D:12)
  Grinder (D:5)
  2 wyverns
  A shadow (D:11)
  A vampire (D:11)
  19 yaks
  5 vampire mosquitoes
  4 wargs (D:10)
  2 acid dragons
  6 water moccasins
  9 orc warriors
  2 black bears
  2 ogres
  10 centaurs
  2 phantoms
  5 kobold brigands
  Blork the orc (D:4)
  3 necrophages
  6 bullfrogs
  4 scorpions
  A gnoll sergeant (D:8)
  4 killer bees (D:9)
  2 howler monkeys
  3 hounds
  A jelly (D:4)
  A gnoll bouda (D:7)
  3 orc priests
  3 iguanas
  Crazy Yiuf (D:4)
  10 orc wizards
  Terence (D:2)
  4 adders
  14 gnolls
  A shadow imp (D:8)
  A white imp (D:6)
  An ufetubus (D:5)
  3 worms
  2 dart slugs
  42 orcs
  5 bats
  11 endoplasms
  4 giant cockroaches
  4 hobgoblins
  17 kobolds
  5 quokkas
  8 ball pythons
  A frilled lizard (D:2)
  11 goblins
  7 rats
271 creatures vanquished.

Vanquished Creatures (collateral kills)
  An orc warrior (D:10)
  A killer bee (D:9)
  An orc wizard (D:10)
  Robin (D:2)
  5 orcs (D:2)
  5 goblins (D:2)
  2 hobgoblins (D:2)
  A kobold (D:2)
17 creatures vanquished.

Vanquished Creatures (others)
  An orc (D:10)
  22 fungi
  6 plants
  4 toadstools (D:2)
33 creatures vanquished.

Grand Total: 321 creatures vanquished

Notes
Turn   | Place    | Note
-------+----------+-------------------------------------------
     0 | D:1      | pokeman the Deep Elf Hedge Wizard began the quest for the
                  | Orb.
     0 | D:1      | Reached XP level 1. HP: 10/10 MP: 7/7
   150 | D:1      | Reached XP level 2. HP: 15/15 MP: 3/9
  1089 | D:1      | Reached skill level 5 in Spellcasting
  1482 | D:2      | Reached XP level 3. HP: 20/20 MP: 8/11
  1486 | D:2      | Learned a level 3 spell: Mephitic Cloud
  1495 | D:1      | Learned a level 2 spell: Call Imp
  1498 | D:1      | Learned a level 2 spell: Blink
  1502 | D:1      | Learned a level 3 spell: Stone Arrow
  1949 | D:2      | Reached skill level 1 in Fighting
  2090 | D:2      | Reached skill level 1 in Armour
  2156 | D:2      | Reached XP level 4. HP: 6/25 MP: 3/13
  2456 | D:2      | Noticed Terence
  2772 | D:1      | Reached skill level 6 in Spellcasting
  3053 | D:2      | Killed Terence
  3054 | D:2      | Reached XP level 5. HP: 15/29 MP: 6/15
  3172 | D:2      | Noticed Robin
  3198 | D:2      | Killed Robin
  3550 | D:3      | Reached skill level 1 in Earth Magic
  4251 | D:4      | Reached skill level 1 in Air Magic
  4251 | D:4      | Reached XP level 6. HP: 34/34 MP: 7/17
  4323 | D:4      | Noticed Blork the orc
  4332 | D:4      | Killed Blork the orc
  4333 | D:4      | Reached skill level 7 in Spellcasting
  4333 | D:4      | Reached skill level 1 in Poison Magic
  4650 | D:4      | Found a runed translucent door.
  4651 | D:4      | Noticed Crazy Yiuf
  4658 | D:4      | Killed Crazy Yiuf
  4797 | D:4      | Reached XP level 7. HP: 39/39 MP: 16/20
  5045 | D:5      | Entered Level 5 of the Dungeon
  5048 | D:5      | Reached skill level 8 in Spellcasting
  5372 | D:5      | Reached skill level 9 in Spellcasting
  5495 | D:5      | Reached XP level 8. HP: 44/44 MP: 20/23
  5497 | D:5      | Noticed Grinder
  5503 | D:5      | Killed Grinder
  5504 | D:5      | Reached skill level 5 in Conjurations
  5565 | D:5      | Reached skill level 10 in Spellcasting
  6320 | D:6      | Found a staircase to the Ecumenical Temple.
  6329 | Temple   | Entered the Ecumenical Temple
  6358 | Temple   | Became a worshipper of Vehumet
  6476 | D:6      | Reached skill level 11 in Spellcasting
  6741 | D:7      | Noticed Joseph
  6922 | D:7      | Reached XP level 9. HP: 49/49 MP: 9/26
  7228 | D:7      | Reached * piety under Vehumet
  7228 | D:7      | Offered knowledge of Shock by Vehumet.
  7241 | D:7      | Reached skill level 12 in Spellcasting
  7586 | D:7      | Killed Joseph
  7826 | D:7      | Noticed Maggie
  7831 | D:7      | Killed Maggie
  8063 | D:7      | Reached skill level 13 in Spellcasting
  8167 | D:7      | Learned a level 3 spell: Swiftness
  8172 | D:7      | Learned a level 4 spell: Airstrike
  8355 | D:8      | Reached skill level 1 in Evocations
  8609 | D:8      | Found Liqoal's Luxury Loot.
  8682 | D:8      | Found a blossoming altar of Fedhas.
  8700 | D:8      | Noticed an oklob plant
  8719 | D:8      | Killed an oklob plant
  8720 | D:8      | Reached XP level 10. HP: 34/56 MP: 11/29
  8880 | D:8      | Noticed a two-headed ogre
  8896 | D:8      | Killed a two-headed ogre
  8897 | D:8      | Reached skill level 14 in Spellcasting
  9227 | D:8      | Found Nankupn's Specific Store.
  9228 | D:8      | Found Getas's General Store.
  9237 | D:8      | Bought a scroll of identify for 24 gold pieces
  9241 | D:8      | Identified a scroll of acquirement
  9448 | D:8      | Acquired 500 gold pieces
  9581 | D:9      | Reached skill level 1 in Shields
  9601 | D:9      | Reached ** piety under Vehumet
  9601 | D:9      | Offered knowledge of Scorch by Vehumet.
  9763 | D:9      | Found a staircase to the Lair.
  9994 | D:9      | Reached skill level 15 in Spellcasting
 10864 | D:10     | Entered Level 10 of the Dungeon
 10880 | D:10     | Noticed a two-headed ogre
 10884 | D:10     | Reached XP level 11. HP: 61/61 MP: 15/32
 11053 | D:10     | Found a staircase to the Orcish Mines.
 11178 | D:10     | Offered knowledge of Dazzling Flash by Vehumet.
 11179 | D:10     | Reached skill level 16 in Spellcasting
 11337 | D:10     | Reached *** piety under Vehumet
 11536 | D:10     | Killed a two-headed ogre
 12119 | D:11     | You fall into a shaft and drop 2 floors!
 12196 | D:12     | Noticed a two-headed ogre
 12200 | D:12     | Killed a two-headed ogre
 12273 | D:12     | Noticed a boulder beetle
 12700 | D:12     | Found a portal to a secret trove of treasure.
 12773 | D:12     | Reached skill level 10 in Conjurations
 12834 | D:11     | Reached skill level 17 in Spellcasting
 13122 | D:11     | Noticed a purple ugly thing
 13133 | D:11     | Killed a purple ugly thing
 13134 | D:11     | Reached skill level 1 in Fire Magic
 13255 | D:11     | Noticed a purple ugly thing
 13260 | D:11     | Killed a purple ugly thing
 13260 | D:11     | Offered knowledge of Flame Wave by Vehumet.
 13266 | D:11     | Learned a level 4 spell: Flame Wave
 13968 | D:12     | Reached skill level 5 in Shields
 14345 | D:12     | Reached XP level 12. HP: 66/66 MP: 28/35
 14509 | D:12     | Killed from afar by a deep elf pyromancer

Illustrated notes

Levels and vault maps discovered:
D:1:      tarquinn_simple_flora_water_a, layout_basic, fountainhead
D:2:      layout_basic, minmay_gold_behind_fungi, uniq_terence, uniq_robin
D:3:      layout_basic
D:4:      minmay_evil_eye, layout_cave_pools, uniq_crazy_yiuf_cottage,
          uniq_blork_the_orc
D:5:      layout_basic, minmay_misc_feat_doors, uniq_grinder
D:6:      nicolae_cairo_tiling_very_big, layout_rooms,
          minmay_temple_entry_statues_fountains, chequers_serial_rivers_micro_c
D:7:      layout_loops_ring, minivault_5, item_on_display_a, uniq_maggie,
          uniq_joseph
D:8:      layout_basic, tgw_fedhas, nicolae_alphabet_shops,
          nicolae_specific_store
D:9:      layout_loops_ring, grunt_lair_entry_orc_guard_hut
D:10:     layout_irregular_city, david_orc_3, nooodl_orcs_dogs
D:11:     layout_roguey
D:12:     layout_stronghold, enter_trove_6
D:13:     layout_layer_cave, drop_trap
Temple:   nicolae_temple_the_god_donut

Skill      XL: |  1  2  3  4  5  6  7  8  9 10 11 |
---------------+----------------------------------+-----
Spellcasting   | 5 6 7 9 11 13 15 17 | 17.8
Fighting       | 1 2 4 |  4.0
Armour         | 1 2 3 4 |  4.0
Conjurations   | 2 3 4 6 7 9 10 | 10.6
Dodging        | 3 |  3.0
Stealth        | 3 |  3.0
Earth Magic    | 1 |  1.0
Air Magic      | 1 |  1.2
Poison Magic   | 1 |  1.2
Evocations     | 1 |  1.2
Shields        | 3 5 |  5.0
Fire Magic     | 2 |  2.8
Summonings     | |  1.1
Translocations | |  1.1

Action                   |  1- 3 |  4- 6 |  7- 9 | 10-12 || total
-------------------------+-------+-------+-------+-------++-------
Melee: Dagger            |    19 |    30 |       |       ||    49
       Trident           |       |    18 |    98 |   135 ||   251
       Unarmed           |       |       |       |     8 ||     8
 Cast: Magic Dart        |   115 |   114 |    91 |    45 ||   365
       Call Imp          |     2 |    14 |       |     1 ||    17
       Mephitic Cloud    |     2 |    11 |    26 |    38 ||    77
       Stone Arrow       |       |       |    56 |    80 ||   136
       Blink             |       |       |     2 |     1 ||     3
       Airstrike         |       |       |       |    39 ||    39
Evoke: Wand              |       |       |       |     1 ||     1
       Box of beasts     |       |       |       |     1 ||     1
  Use: Scroll            |       |       |       |    15 ||    15
 Stab: Confused          |     1 |     3 |    10 |    12 ||    26
Armor: Robe              |     6 |       |       |       ||     6
       Leather armour    |     4 |    21 |    23 |       ||    48
       Steam dragon scal |       |       |     2 |    50 ||    52
Dodge: Dodged            |    17 |    25 |    56 |    99 ||   197

Table legend: (Time is in decaauts)
 A = Elapsed time spent in this place.
 B = Non-inter-level travel time spent in this place.
 C = Inter-level travel time spent in this place.
 D = Time resting spent in this place.
 E = Time spent auto-exploring this place.
 F = Levels seen in this place.
 G = Mean time per level.
                   A        B        C        D        E       F      G
               +--------+--------+--------+--------+--------+-----+--------+
         Total |  14599 |  13761 |    838 |    982 |  10467 |  14 | 1042.8 |
       Dungeon |  14501 |  13692 |    809 |    982 |  10453 |  13 | 1115.5 |
        Temple |     98 |     70 |     28 |      0 |     14 |   1 |   98.0 |
               +--------+--------+--------+--------+--------+-----+--------+

Top non-repeatable levels by time:
     D:2: 1730 daAuts
     D:1: 1707 daAuts
     D:9: 1439 daAuts
     D:8: 1278 daAuts
     D:7: 1257 daAuts
     D:6: 1219 daAuts
    D:12: 1204 daAuts
    D:10: 1167 daAuts
     D:5: 921 daAuts
    D:11: 891 daAuts
     D:4: 879 daAuts
     D:3: 733 daAuts
  Temple: 98 daAuts
    D:13: 71 daAuts
